 Dungeon Crawl Stone Soup version 0.16.1-18-g436b03c (webtiles) character file.

555 Platok the Shield-Bearer (level 7, 0/61 HPs)
             Began as a Minotaur Fighter on May 6, 2015.
             Was a Believer of Zin.
             Slain by a slave (6 damage)
             ... led by Pikel
             ... on level 4 of the Dungeon.
             The game lasted 00:12:56 (2042 turns).

Platok the Shield-Bearer (Minotaur Fighter)         Turns: 2042, Time: 00:12:56

Health: 0/61       AC:  7    Str: 23    XL:     7   Next: 8%
Magic:  3/3        EV: 12    Int:  5    God:    Zin [**....]
Gold:   109        SH: 10    Dex:  9    Spells: 0 memorised, 6 levels left

rFire  . . .     SeeInvis .     a - +0 war axe
rCold  . . .     Clarity  .     s - +0 ring mail (curse)
rNeg   . . .     SustAb   .     c - +0 shield
rPois  .         Gourm    .     (helmet restricted)
rElec  .         Spirit   .     k - +0 cloak {MR+}
rCorr  .         Warding  .     (no gloves)
rMut   .         Stasis   .     (no boots)
MR     +....                    (no amulet)
Stlth  ..........               (no ring)
                                o - +3 ring of evasion

@: somewhat resistant to hostile enchantments, extremely unstealthy
A: retaliatory headbutt, horns 2
a: Recite, Vitalisation, Renounce Religion


You were on level 4 of the Dungeon.
You worshipped Zin.
Zin was pleased with you.
You were not hungry.

You visited 1 branch of the dungeon, and saw 4 of its levels.

You collected 176 gold pieces.
You donated 67 gold pieces to Zin.

Inventory:

Hand weapons
 a - a +0 war axe (weapon)
 q - a +0 mace
Armour
 b - a +0 scale mail
 c - a +0 shield (worn)
 k - a +0 cloak of magic resistance (worn)
 s - a cursed +0 ring mail (worn)
Jewellery
 o - a +3 ring of evasion (left hand)
Magical devices
 r - a wand of random effects (16)
 w - a wand of random effects (31)
Scrolls
 g - a scroll of random uselessness {unknown}
 i - a scroll of identify {unknown}
 j - 2 scrolls of magic mapping {unknown}
 l - 2 scrolls of teleportation {unknown}
 n - a scroll of remove curse {unknown}
 u - a scroll of enchant armour {unknown}
 y - a scroll of immolation {unknown}
Potions
 e - 2 potions of might
 f - a potion of ambrosia {unknown}
 h - 2 potions of haste {unknown}
 m - a potion of mutation {unknown}
 p - a potion of poison {unknown}
 t - 2 potions of agility {unknown}
 z - 3 potions of flight {unknown}
Comestibles
 d - a bread ration
 v - a beef jerky
 x - 2 fruits


   Skills:
 + Level 5.5 Fighting
 + Level 4.7 Axes
 + Level 5.3 Armour
 + Level 2.9 Dodging
 + Level 5.5 Shields


You had 6 spell levels left.
You didn't know any spells.

Dungeon Overview and Level Annotations

Branches:
Dungeon (4/15)
 Temple: D:4-7

Altars:
Fedhas
Sif Muna
Zin

Annotations:
D:4 Pikel


Innate Abilities, Weirdness & Mutations

You reflexively headbutt those who attack you in melee.
You have a pair of horns on your head.


Message History

* * * LOW HITPOINT WARNING * * *
You block Pikel's attack.
You miss Pikel.
Pikel is almost dead.
You closely miss the slave.
The slave is almost dead.
The gnoll hits you from afar with a spear.
* * * LOW HITPOINT WARNING * * *
You block the gnoll zombie's attack. You block the slave's attack.
Pikel hits you but does no damage.
The gnoll hits you from afar with a spear.
* * * LOW HITPOINT WARNING * * *
You closely miss Pikel. Your headbutt misses Pikel.
Pikel is almost dead.
You hit the slave.
The slave is almost dead.
The shadow imp shouts, "Remove thy stench, thou gorbellied dizzy-eyed meatball!"
The shadow imp gestures at the surrounding area.
The dead are walking!
The slave hits you.
You die...

... ........ .. ......
.......# ...##..#.#...
......# ...........
..........#
.....$.....
....###.###
#.....(...##...###.. .
. ...g5Z##......... .
.....#p#p#......(....
.
......gK@Z............
..
.....$###[............
. ...
#........###...#.# .
#.##...#.....#.#.#
......###..####.#.###
.....###.....##......
.##.....###.......#
................##
.##...............


You could see Pikel, 2 slaves, 2 gnolls, a shadow imp, a gnoll zombie and a
human zombie.

Vanquished Creatures
  Grinder (D:3)
  A slave (D:4)
  A giant frog (D:4)
  A centaur skeleton (D:4)
  2 hounds (D:2)
  A gnoll shaman (D:4)
  An orc wizard (D:4)
  Jessica (D:2)
  3 gnolls
  5 adders
  An adder skeleton (D:4)
  2 orcs (D:4)
  A ball python (D:2)
  4 giant cockroaches
  5 goblins
  5 hobgoblins
  7 kobolds
  A quokka (D:2)
  4 bats
  5 giant newts
  4 rats
  A rat zombie (D:4)
57 creatures vanquished.

Notes
Turn   | Place    | Note
--------------------------------------------------------------
     0 | D:1      | Platok, the Minotaur Fighter, began the quest for the Orb.
     0 | D:1      | Reached XP level 1. HP: 19/19 MP: 1/1
   490 | D:2      | Reached XP level 2. HP: 27/27 MP: 1/1
   674 | D:2      | Found a blossoming altar of Fedhas.
   680 | D:2      | Reached skill level 4 in Shields
   869 | D:2      | Reached XP level 3. HP: 33/33 MP: 2/2
   908 | D:2      | Noticed Jessica
   914 | D:2      | Killed Jessica
  1012 | D:2      | Noticed a hound
  1012 | D:2      | Noticed a hound
  1019 | D:2      | Killed a hound
  1019 | D:2      | Reached skill level 1 in Dodging
  1019 | D:2      | Reached XP level 4. HP: 36/40 MP: 2/2
  1024 | D:2      | Killed a hound
  1102 | D:3      | Reached XP level 5. HP: 47/47 MP: 2/2
  1303 | D:3      | Noticed Grinder
  1324 | D:3      | Killed Grinder
  1324 | D:3      | Reached skill level 5 in Fighting
  1324 | D:3      | Reached skill level 5 in Shields
  1324 | D:3      | Reached XP level 6. HP: 39/56 MP: 3/3
  1375 | D:3      | Found a glowing silver altar of Zin.
  1376 | D:3      | Noticed an angel
  1381 | D:3      | Became a worshipper of Zin the Law-Giver
  1381 | D:3      | Acquired Zin's first power
  1382 | D:3      | Donated 50 gold pieces to Zin
  1806 | D:4      | Reached skill level 5 in Armour
  1966 | D:4      | Found a deep blue altar of Sif Muna.
  1971 | D:4      | Found a blossoming altar of Fedhas.
  2022 | D:4      | Reached XP level 7. HP: 61/61 MP: 3/3
  2024 | D:4      | Noticed Pikel
  2039 | D:4      | Acquired Zin's second power
  2042 | D:4      | Slain by a slave

Action                   |  1- 3 |  4- 6 |  7- 9 || total
-------------------------+-------+-------+-------++-------
Melee: War axe           |    65 |    70 |    20 ||   155
  Eat: Chunk             |       |     4 |       ||     4
